 Dungeon Crawl Stone Soup version 0.26-a0-854-gdc81c2f471 (webtiles) character file.

Game seed: 4825385672987936911

6561 robertstho the Protected (level 10, -1/141 HPs)
             Began as a Minotaur Berserker on Nov 23, 2020.
             Was a High Priest of Trog.
             Slain by a wolf spider (14 damage)
             ... in a Gauntlet.
             The game lasted 00:18:03 (10026 turns).

robertstho the Protected (Minotaur Berserker)      Turns: 10026, Time: 00:18:04

Health: -1/141     AC:  8    Str: 25    XL:     10   Next: 70%
Magic:  9/9        EV: 10    Int:  4    God:    Trog [*****.]
Gold:   413        SH:  0    Dex: 10    Spells: 9/9 levels left

rFire    . . .     SeeInvis .   j - -2 hand axe
rCold    . . .     Faith    .   (no shield)
rNeg     + + +     Spirit   .   H - +1 chain mail of the Aged Souls {+Inv rElec rN+++ Slay-5}
rPois    .         Reflect  .   (helmet restricted)
rElec    +         Harm     .   v - +0 cloak
rCorr    .         Rampage  .   K - +0 pair of gloves
MR       +....     NoTele   +   (no boots)
Stlth    ..........             (no amulet)
HPRegen  0.33/turn              e - ring of protection from magic
MPRegen  0.11/turn              g - +4 ring of protection

@: berserking (expiring), corroded, very quick
A: retaliatory headbutt, horns 2
a: Berserk, Trog's Hand, Brothers in Arms, Renounce Religion, Evoke Invisibility


You were in a Gauntlet.
You worshipped Trog.
Trog was extremely pleased with you.
You visited 1 branch of the dungeon, and saw 11 of its levels.
You also visited: Gauntlet.

You collected 660 gold pieces.
You spent 247 gold pieces at shops.

Inventory:

Hand Weapons
 a - a +0 hand axe
 j - a -2 hand axe (weapon)
 M - a +0 battleaxe
Missiles
 s - 3 curare-tipped darts (quivered)
Armour
 k - a +0 plate armour
 v - a +0 cloak (worn)
 H - the +1 chain mail of the Aged Souls (worn) {+Inv rElec rN+++ Slay-5}
   (You found it on level 9 of the Dungeon)

   It affects your accuracy and damage with ranged weapons and melee attacks
   (-5).
   It insulates you from electricity.
   It renders you almost immune to negative energy.
   It lets you turn invisible.
 K - a +0 pair of gloves (worn)
Jewellery
 e - a ring of protection from magic (left hand)
 g - a +4 ring of protection (right hand)
 C - an uncursed ring of protection from cold {unknown}
 E - a +6 ring of strength {unknown}
 L - an uncursed ring of ice {unknown}
Wands
 n - a wand of iceblast (6)
 p - a wand of flame (15)
 t - a wand of polymorph (5)
 I - a wand of digging (6)
Scrolls
 l - 2 scrolls of blinking
 m - a scroll of enchant armour {unknown}
 q - 2 scrolls of remove curse
 u - a scroll of fog {unknown}
 y - a scroll of vulnerability {unknown}
 B - 2 scrolls of fear {unknown}
 D - 2 scrolls of magic mapping {unknown}
 G - 2 scrolls of teleportation {unknown}
 J - a scroll of immolation
Potions
 b - a potion of haste
 c - 3 potions of might
 d - a potion of flight
 f - 4 potions of heal wounds
 i - a potion of ambrosia
 o - 3 potions of attraction
 w - 3 potions of curing
 x - a potion of brilliance
 z - 2 potions of lignification
 A - 2 potions of degeneration
 F - a potion of mutation


   Skills:
 * Level 10.9 Fighting
 + Level 11.0 Axes
 * Level 12.2 Armour
 + Level 3.2 Dodging
 + Level 1.2 Stealth


You had 9 spell levels left.
You didn't know any spells.
Your spell library was empty.

Dungeon Overview and Level Annotations

Branches:
Dungeon (11/15)            Temple (0/1) D:6            Lair (0/6) D:8
Gauntlet (1/1)
    Orc: D:9-12

Altars:
Ashenzari
Gozag
Makhleb
Okawaru
Qazlal
Sif Muna
Uskayaw
Vehumet
Zin
The Shining One

Shops:
D:5 !!

Portals:
Trove: D:10 (give +4 fire dragon scales)

Annotations:
D:5 potion whop Gauntlet 9 transporters, 1 runed translucent door


Innate Abilities, Weirdness & Mutations

You reflexively headbutt those who attack you in melee.
You have a pair of horns on your head.


Message History

The entropy weaver is severely wounded.
You hit the wolf spider. The wolf spider hits you.
* * * LOW HITPOINT WARNING * * *
The wolf spider bites you but does no damage.
The entropy weaver casts a spell at you.
The entropic weave corrodes you!
You closely miss the entropy weaver.
The entropy weaver is severely wounded.
You closely miss the wolf spider. The wolf spider hits you!
* * * LOW HITPOINT WARNING * * *
The wolf spider bites you but does no damage.
The entropy weaver casts a spell at you.
The entropic weave corrodes you!
You barely miss the entropy weaver.
Your headbutt misses the entropy weaver.
The entropy weaver is severely wounded.
You hit the wolf spider.
The entropy weaver gestures at you while chanting.
The entropic weave corrodes you! The wolf spider hits you!
You die...

#.#....PP...###.###5#.....#.©....
#.#.#≈#≈#P..#..5....#.....#...##.
#.#.≈≈≈≈≈PP.#########.....#.©.##.
#©#.#≈#≈#P♣............∩..#......
#.#.≈≈≈≈≈.P.#########.....#.©.##.
#.#.#≈#≈#...##.##..##.....#...##.
#.#...PP....#.#..##[#...P.#.©....
#.#...♣P..###.#s#.#.#..P♣.#...##.
#.#.......#©##.#@.#©#.P...#.♣.#
#.#########.#s##B#..#.♣..##.....
#.#)......#.##..##..#...## .♣.##.
#.#.#(###.#.#.##..###...≈##...#
#.#.#..≈#.#.#########...≈≈# # #
#©#.#.©≈#©#©#.........♣.≈##
###.#..§#.#.#########.P.##
..#.#+###.#.#p#.....#...≈##
..#.......#.#Y#.###Y#...≈≈#


You could see an entropy weaver (fast), a wolf spider, a necromancer and a
shadow imp.

Vanquished Creatures
  Pikel (D:9)
  2 smoke demons (Gauntlet)
  A red devil (Gauntlet)
  A hornet (D:8)
  Grinder (D:3)
  A redback (Gauntlet)
  Menkaure (D:7)
  An ice beast (D:5)
  2 orc warriors
  2 black bears (D:9)
  2 necrophages (D:7)
  5 ogres
  5 sky beasts
  A lemure (D:9)
  Blork the orc (D:6)
  4 bullfrogs
  2 gnoll sergeants
  A wyvern zombie (D:9)
  A water moccasin skeleton (D:9)
  2 scorpions
  10 killer bees (D:10)
  7 crimson imps (Gauntlet)
  A quasit (D:8)
  2 gnoll shamans
  3 orc priests
  3 jellies
  A bullfrog zombie (D:5)
  5 hounds
  14 orc wizards
  4 bullfrog skeletons
  Ijyb (D:3)
  6 iguanas
  4 worker ants
  Natasha (thrice) (D:3)
  A worker ant zombie (D:6)
  Robin (D:4)
  16 gnolls
  12 adders
  2 shadow imps
  A white imp (D:7)
  2 ufetubi
  2 adder skeletons
  3 adder zombies
  9 worms
  2 dart slugs
  37 orcs
  2 giant cockroaches
  11 goblins
  8 hobgoblins
  3 jackals (D:2)
  5 kobolds
  7 quokkas
  A ball python (D:3)
  5 bats
  2 frilled lizards
  3 jackal zombies
  2 leopard gecko skeletons (D:4)
  5 rats
243 creatures vanquished.

Vanquished Creatures (others)
  2 orcs (D:3)
  4 demonic plants (Gauntlet)
6 creatures vanquished.

Grand Total: 249 creatures vanquished

Notes
Turn   | Place    | Note
-------+----------+-------------------------------------------
     0 | D:1      | robertstho the Minotaur Berserker began the quest for the
                  | Orb.
     0 | D:1      | Reached XP level 1. HP: 19/19 MP: 0/0
   460 | D:1      | Reached XP level 2. HP: 27/27 MP: 1/1
   870 | D:2      | Found a shimmering blue altar of Sif Muna.
  1082 | D:2      | Reached XP level 3. HP: 31/33 MP: 2/2
  1326 | D:2      | Found a faded altar of an unknown god.
  1330 | D:2      | Reached ** piety under Trog
  1331 | D:2      | Reached skill level 3 in Armour
  1606 | D:3      | Found an iron altar of Okawaru.
  1687 | D:3      | Reached XP level 4. HP: 41/41 MP: 3/3
  1752 | D:3      | Found a radiant altar of Vehumet.
  1760 | D:3      | Reached skill level 4 in Armour
  1777 | D:3      | Reached XP level 5. HP: 33/47 MP: 4/4
  1971 | D:3      | Noticed Grinder
  1976 | D:3      | Killed Grinder
  1977 | D:3      | Reached skill level 5 in Fighting
  1977 | D:3      | Reached skill level 5 in Axes
  1977 | D:3      | Reached skill level 5 in Armour
  1977 | D:3      | Reached XP level 6. HP: 56/56 MP: 5/5
  2059 | D:3      | Found a glowing golden altar of the Shining One.
  2065 | D:3      | Noticed Ijyb
  2065 | D:3      | Noticed Natasha
  2071 | D:3      | Killed Natasha
  2077 | D:3      | Killed Ijyb
  2131 | D:3      | Noticed Natasha
  2146 | D:3      | Killed Natasha
  2286 | D:3      | Found a burning altar of Makhleb.
  2354 | D:3      | Found an opulent altar of Gozag.
  2355 | D:3      | Found a hide-covered altar of Uskayaw.
  2381 | D:3      | Noticed Natasha
  2393 | D:3      | Killed Natasha
  2480 | D:3      | Found a glowing silver altar of Zin.
  2480 | D:3      | Noticed an angel
  2480 | D:3      | Noticed a green death
  2577 | D:3      | Reached *** piety under Trog
  2706 | D:4      | Reached XP level 7. HP: 62/62 MP: 6/6
  2717 | D:4      | Reached skill level 6 in Armour
  3249 | D:4      | Noticed Robin
  3261 | D:4      | Killed Robin
  3401 | D:4      | Reached skill level 7 in Armour
  3752 | D:5      | Entered Level 5 of the Dungeon
  3780 | D:5      | Found Etifox's Distillery.
  3788 | D:5      | Bought a potion of heal wounds for 65 gold pieces
  3788 | D:5      | Bought a potion of curing for 39 gold pieces
  3788 | D:5      | Bought a potion of brilliance for 52 gold pieces
  3788 | D:5      | Bought a potion of attraction for 39 gold pieces
  3788 | D:5      | Bought a potion of lignification for 39 gold pieces
  3788 | D:5      | Bought a potion of degeneration for 13 gold pieces
  3812 | D:5      | Reached XP level 8. HP: 69/71 MP: 7/7
  3867 | D:5      | Found an iron altar of Okawaru.
  3959 | D:5      | Reached **** piety under Trog
  4067 | D:5      | Found a burning altar of Makhleb.
  4075 | D:5      | Found Waenke's Distillery.
  4076 | D:5      | Noticed a balrug
  4246 | D:6      | Found a stormy altar of Qazlal.
  4314 | D:6      | Reached skill level 8 in Armour
  4345 | D:6      | Found a broken altar of Ashenzari.
  4477 | D:6      | Noticed Blork the orc
  4493 | D:6      | Killed Blork the orc
  4847 | D:6      | Found a staircase to the Ecumenical Temple.
  5324 | D:7      | Reached skill level 9 in Armour
  5414 | D:7      | Reached XP level 9. HP: 80/81 MP: 8/8
  5532 | D:7      | Noticed Menkaure
  5542 | D:7      | Killed Menkaure
  5620 | D:7      | Reached ***** piety under Trog
  5984 | D:8      | Reached skill level 10 in Armour
  5989 | D:8      | Reached skill level 10 in Axes
  6076 | D:8      | Found a staircase to the Lair.
  6087 | D:8      | Paralysed by a hornet for 2 turns
  6444 | D:9      | Got a shimmering chain mail
  6501 | D:9      | Noticed Pikel
  6513 | D:9      | Killed Pikel
  6514 | D:9      | Reached XP level 10. HP: 93/93 MP: 9/9
  6876 | D:9      | Reached skill level 10 in Fighting
  7645 | D:10     | Entered Level 10 of the Dungeon
  7827 | D:10     | Reached skill level 11 in Armour
  7869 | D:10     | Identified the +1 chain mail of the Aged Souls {+Inv rElec
                  | rN+++ Slay-5} (You found it on level 9 of the Dungeon)
  8813 | D:10     | Reached skill level 1 in Stealth
  8817 | D:10     | Received a gift from Trog
  9033 | D:10     | Found a portal to a secret trove of treasure.
  9170 | D:11     | Found a gate leading to a gauntlet.
  9178 | Gauntlet | Entered a Gauntlet
  9178 | Gauntlet | Found a transporter.
  9182 | Gauntlet | Noticed a smoke demon
  9187 | Gauntlet | Found a transporter.
  9195 | Gauntlet | Found a transporter.
  9197 | Gauntlet | Found a transporter.
  9200 | Gauntlet | Noticed a blizzard demon
  9205 | Gauntlet | Found a transporter.
  9218 | Gauntlet | Noticed a wizard
  9218 | Gauntlet | Identified the ring of Spring {Ice rElec}
  9218 | Gauntlet | Noticed a wizard
  9221 | Gauntlet | Found a transporter.
  9230 | Gauntlet | Noticed an entropy weaver
  9231 | Gauntlet | Found a transporter.
  9239 | Gauntlet | Noticed a wolf spider
  9239 | Gauntlet | Noticed a necromancer
  9240 | Gauntlet | Noticed a death yak
  9240 | Gauntlet | Noticed a death yak
  9240 | Gauntlet | Noticed a death yak
  9241 | Gauntlet | Found a transporter.
  9241 | Gauntlet | Noticed a death yak
  9260 | Gauntlet | Found a transporter.
  9268 | Gauntlet | Found a runed translucent door.
  9270 | Gauntlet | Found a transporter.
  9270 | Gauntlet | Found a transporter.
  9274 | Gauntlet | Found a runed translucent door.
  9274 | Gauntlet | Noticed a smoke demon
  9325 | Gauntlet | Found a transporter.
  9339 | Gauntlet | Found a transporter.
  9354 | Gauntlet | Found a transporter.
  9471 | Gauntlet | Killed a smoke demon
  9730 | Gauntlet | Killed a smoke demon
  9731 | Gauntlet | Reached skill level 12 in Armour
 10026 | Gauntlet | Slain by a wolf spider

Illustrated notes

Levels and vault maps discovered:
D:1:      dpeg_arrival_three_bigger_balls, layout_loops_ring
D:2:      layout_rooms, overflow_temple_1_default,
          chequers_ecumenical_altar_grove
D:3:      layout_loops_cross, grunt_temple_overflow_order_and_chaos_2,
          chequers_temple_overflow_statue_of_worship, fiery_altar_vehumet,
          tso_metal_star, uniq_ijyb, uniq_natasha, uniq_grinder
D:4:      layout_basic, uniq_robin
D:5:      layout_rooms, serial_shops, shop, shop, basic_altar,
          makhleb_altar_promises_db
D:6:      layout_basic, nicolae_overflow_hidden_temple,
          minmay_temple_entry_ruins, grunt_qazlal_clouds, uniq_blork_the_orc
D:7:      layout_cave_pools, kennysheep_generic_room_15, uniq_menkaure
D:8:      layout_rooms, lair_entry_dummy, amethyst_killhole
D:9:      layout_layer_cave, uniq_pikel
D:10:     layout_basic, nicolae_trove_entry_crossroad
D:11:     layout_gridville, gauntlet_entry_generic, serial_shops, shop,
          nicolae_good_shop, uniq_erolcha
Gauntlet: minmay_gauntlet_77_tree [minmay_gauntlet_arena_77_box,
          minmay_gauntlet_arena_77_museum, minmay_gauntlet_arena_77_shame_cube,
          minmay_gauntlet_arena_77_radiant_squares,
          minmay_gauntlet_arena_77_broken_ladder, minmay_gauntlet_arena_77_mess,
          minmay_gauntlet_arena_77_mirror, gauntlet_exit_green]

Skill      XL: |  1  2  3  4  5  6  7  8  9 10 |
---------------+-------------------------------+-----
Fighting       | 4 5 6 8 9 10 | 10.9
Axes           | 4 5 6 7 9 10 11 | 11.0
Armour         | 3 4 5 7 9 10 12 | 12.2
Dodging        | 3 |  3.2
Stealth        | 1 |  1.2

Action                   |  1- 3 |  4- 6 |  7- 9 | 10-12 || total
-------------------------+-------+-------+-------+-------++-------
Melee: Hand axe          |    87 |   123 |   414 |   354 ||   978
       Headbutt          |    11 |    19 |    97 |    68 ||   195
Invok: Berserk           |     1 |     5 |     9 |     8 ||    23
       Trog's Hand       |       |       |     1 |     2 ||     3
  Use: Scroll            |     1 |       |       |     9 ||    10
Armor: Ring mail         |    17 |       |       |       ||    17
       Plate armour      |    10 |    76 |   279 |    37 ||   402
       Chain mail        |       |       |       |   204 ||   204
Dodge: Dodged            |    45 |    38 |   171 |   186 ||   440

Table legend: (Time is in decaauts)
 A = Elapsed time spent in this place.
 B = Non-inter-level travel time spent in this place.
 C = Inter-level travel time spent in this place.
 D = Time resting spent in this place.
 E = Time spent auto-exploring this place.
 F = Levels seen in this place.
 G = Mean time per level.
                   A        B        C        D        E       F      G
               +--------+--------+--------+--------+--------+-----+--------+
         Total |  10093 |   9598 |    495 |    690 |   6978 |  12 |  841.1 |
       Dungeon |   9266 |   8771 |    495 |    296 |   6778 |  11 |  842.4 |
      Gauntlet |    827 |    827 |      0 |    394 |    200 |   1 |  827.0 |
               +--------+--------+--------+--------+--------+-----+--------+

Top non-repeatable levels by time:
     D:9: 1553 daAuts
    D:10: 1211 daAuts
     D:4: 1150 daAuts
     D:3: 1147 daAuts
     D:6: 856 daAuts
Gauntlet: 827 daAuts
     D:2: 826 daAuts
     D:1: 713 daAuts
     D:8: 698 daAuts
     D:7: 606 daAuts
     D:5: 494 daAuts
    D:11: 7 daAuts
